Map: Pylon LE

Players

ManlyManMeat

  • Race: Zerg Zerg
  • League: Diamond
  • Spawn Location: 11:00

GoodJuly - Winner!

  • Race: Zerg Zerg
  • Spawn Location: 5:00

VOD

Have the link to the VOD?

Description

Time

  • Played on: July 12, 2025, 8:31 a.m.
  • Length: 7:03
Show
View Real Time Build Order
Export as new Build Order

ManlyManMeat Zerg 

Build Orders: Hatch First 

Get SALT Encoding   

  12  0:00  Drone  
  13  0:07  Drone  
  14  0:14  Extractor  
  14  0:15  Drone  
  15  0:21  Overlord  
  15  0:40  Drone  
  16  0:45  Hatchery  
  16  0:49  Drone  
  16  0:53  Drone  
  16  0:56  Drone  
  18  1:07  Extractor  
  17  1:12  Spawning Pool  
  17  1:16  Drone  
  17  1:19  Drone  
  18  1:26  Drone  
  19  1:37  Drone  
  20  1:58  Queen  
  20  1:59  Queen  
  20  2:00  Zergling x4  
  26  2:02  Overlord  
  26  2:08  Metabolic Boost  
  26  2:11  Drone  
  26  2:14  Drone  
  28  2:36  Baneling Nest  
  26  2:41  Drone x2  
  26  2:43  Zergling x8  
  31  3:00  Overlord x2  
  31  3:06  Hatchery  
  30  3:22  Baneling x2  
  30  3:23  Baneling  
  30  3:24  Baneling x2  
  30  3:28  Baneling  
  30  3:30  Drone x5  
  35  3:45  Drone x2, Extractor  
  35  3:46  Roach Warren  
  34  4:13  Drone x2  
  34  4:14  Drone  
  34  4:16  Extractor  
  35  4:18  Drone x3  
  35  4:19  Extractor  
  35  4:20  Drone x3  
  38  4:24  Evolution Chamber  
  37  4:34  Roach x2  
  37  4:37  Roach x4  
  49  4:40  Overlord  
  49  4:54  Overlord x2  
  49  4:58  Zerg Missile Weapons Level 1  
  49  5:05  Drone  
  50  5:13  Roach  
  50  5:14  Roach x5  
  62  5:21  Roach  
  62  5:22  Roach  
  62  5:25  Overlord  
  62  5:28  Overlord  
  66  5:39  Overlord x2  
  66  5:56  Ravager x2  
  66  5:59  Roach x4  
  66  6:00  Roach x2  
  76  6:08  Ravager x2  
  76  6:09  Roach x3  
  81  6:19  Roach x3  
Show
View Real Time Build Order
Export as new Build Order

GoodJuly Zerg - Winner!

Build Orders: Hatch First 

Get SALT Encoding   

  12  0:00  Drone  
  13  0:12  Overlord  
  13  0:17  Drone  
  14  0:30  Drone x2  
  16  0:47  Hatchery  
  15  0:51  Drone  
  15  0:53  Drone  
  15  0:57  Drone  
  18  1:10  Spawning Pool  
  17  1:12  Extractor  
  17  1:15  Drone  
  17  1:19  Drone  
  18  1:30  Drone  
  19  1:41  Drone  
  20  1:49  Drone  
  21  2:03  Queen  
  21  2:04  Queen  
  21  2:05  Zergling x4  
  27  2:16  Overlord  
  27  2:18  Drone  
  27  2:37  Drone x4  
  31  2:44  Queen x2  
  35  2:52  Drone  
  35  2:54  Overlord  
  35  3:10  Evolution Chamber  
  34  3:14  Roach Warren, Evolution Chamber  
  34  3:16  Drone x2  
  34  3:17  Drone  
  34  3:19  Spine Crawler  
  34  3:22  Drone x2  
  37  3:35  Drone  
  37  3:36  Drone x3  
  37  3:38  Drone  
  37  3:40  Zerg Missile Weapons Level 1  
  37  3:41  Extractor  
  41  3:42  Extractor  
  41  3:47  Overlord  
  40  3:55  Drone  
  40  3:56  Drone x3  
  40  3:57  Lair  
  44  4:07  Drone  
  44  4:09  Drone x3  
  48  4:24  Zerg Ground Armor Level 1  
  48  4:25  Hatchery  
  48  4:27  Roach x2  
  48  4:31  Overlord  
  51  4:36  Overlord  
  51  4:42  Overlord  
  51  4:46  Overlord x2  
  51  4:52  Roach x3  
  57  4:58  Roach  
  59  5:00  Glial Reconstitution  
  59  5:03  Roach  
  61  5:08  Roach  
  63  5:16  Roach x4  
  71  5:21  Extractor  
  71  5:23  Overlord  
  71  5:25  Drone  
  71  5:33  Ravager x2  
  71  5:34  Overlord x2  
  73  5:43  Drone x4  
  73  5:45  Drone  
  78  5:51  Drone  
  79  6:01  Drone x2  
  79  6:02  Overlord  
  77  6:07  Roach x4  
  87  6:11  Roach x3  
  87  6:12  Roach  
  87  6:17  Roach  
  95  6:20  Ravager  
  95  6:21  Roach  
  93  6:43  Roach x6  
  93  6:44  Roach x4  
Tags
 
League
Diamond
Matchup
ZvZ
Race
Zerg
Replay Pack
Myownreplay2
Spawn Locations
Cross Positions
Add a new tag
Caveats
  • Supply blocks, unpowered buildings, or Contaminate may cause inaccurate times.
  • Supply counts are checked every 10 seconds.